 Dungeon Crawl Stone Soup version 0.19.5 (webtiles) character file.

7 tidbits the Charmwright (level 1, 6/13 HPs)
             Began as a High Elf Wanderer on Oct 29, 2017.
             Quit the game on level 2 of the Dungeon.
             The game lasted 00:02:05 (221 turns).

tidbits the Charmwright (High Elf Wanderer)          Turns: 221, Time: 00:02:06

Health: 6/13       AC:  5    Str:  9    XL:     1   Next: 83%
Magic:  3/3        EV:  9    Int: 17    God:
Gold:   6          SH:  0    Dex: 14    Spells: 0 memorised, 2 levels left

rFire  . . .     SeeInvis .     a - +0 short sword
rCold  . . .     Gourm    .     B - +0 ring mail (curse)
rNeg   . . .     Faith    .     (no shield)
rPois  .         Spirit   .     (no helmet)
rElec  .         Reflect  .     (no cloak)
rCorr  .         Harm     .     (no gloves)
MR     .....                    (no boots)
Stlth  +.........               (no amulet)
                                (no ring)
                                (no ring)

@: no status effects
A: no striking features
a: no special abilities


You were on level 2 of the Dungeon.
You were not hungry.

You visited 1 branch of the dungeon, and saw 2 of its levels.

You collected 6 gold pieces.

Inventory:

Hand Weapons
 a - a +0 short sword (weapon)
   (You took it off a kobold on level 2 of the Dungeon)
 b - a +2 blowgun
Missiles
 e - 31 stones (quivered)
 g - 4 curare-tipped needles
Armour
 d - a +0 robe
 B - a cursed +0 ring mail (worn)
   (You found it on level 1 of the Dungeon)
Scrolls
 h - a scroll of remove curse {unknown}
Books
 f - the Almanac of the Volcanoes

   Spells                             Type                      Level
   a - Flame Tongue                   Conjuration/Fire             1
   b - Inner Flame                    Hexes/Fire                   3
Comestibles
 c - a bread ration
 i - a chunk of flesh
 j - a meat ration


   Skills:
 + Level 1.5 Fighting
 - Level 1.0 Throwing
 - Level 1.1 Stealth
 - Level 1.2 Spellcasting
   Level 1.1 Conjurations
   Level 4.8 Charms
   Level 1.0 Summonings
   Level 1.1 Translocations


You had 2 spell levels left.
You didn't know any spells.

Dungeon Overview and Level Annotations

Branches:
Dungeon (2/15)

Altars:
Gozag


Message History

Found 14 stones.
A hobgoblin comes into view. It is wielding a club.
A hobgoblin comes into view. It is wielding a club.
The hobgoblin shouts!
Found a scale mail.
b - a +2 blowgun (weapon)
Firing (i - inventory. (,) - cycle):
g - 4 curare-tipped needles (quivered)
Press: ? - help, Shift-Dir - straight line, f - hobgoblin
Aim: a hobgoblin, wielding a club You shoot a curare-tipped needle.
The curare-tipped needle hits the hobgoblin.
The hobgoblin is poisoned.
The hobgoblin convulses.
The hobgoblin seems to slow down.
The hobgoblin is heavily wounded.
The hobgoblin hits you with a club.
a - a +0 short sword (weapon)
Your ring mail prevents you from hitting the hobgoblin.
The hobgoblin is severely wounded.
The hobgoblin hits you with a club.
* * * LOW HITPOINT WARNING * * *
You hit the hobgoblin.
The hobgoblin is almost dead.
You kill the hobgoblin!
b - a +2 blowgun (weapon)
Firing (i - inventory. (,) - cycle):
g - 3 curare-tipped needles (quivered)
Press: ? - help, Shift-Dir - straight line, f/p - hobgoblin
Aim: a hobgoblin, wielding a club You shoot a curare-tipped needle.
The curare-tipped needle hits the hobgoblin.
The hobgoblin is poisoned.
The hobgoblin convulses.
You kill the hobgoblin!
g - 4 curare-tipped needles (gained 2)
Things that are here:
a club x2
Okay, then.
Wield which item (- for none, * to show all)? (? for menu, Esc to quit)
a - a +0 short sword (weapon)
You swing at nothing.
You swing at nothing.
You swing at nothing.
You swing at nothing.
You swing at nothing.
You swing at nothing.
You swing at nothing.
You swing at nothing.
You swing at nothing.
You swing at nothing.
You swing at nothing.
You swing at nothing.
You swing at nothing.
You swing at nothing.
You swing at nothing.
You swing at nothing.
You swing at nothing.
You swing at nothing.
You swing at nothing.
You swing at nothing.
You swing at nothing.
You swing at nothing.
You swing at nothing.
You swing at nothing.
You swing at nothing.
You swing at nothing.
You swing at nothing.
You swing at nothing.
You swing at nothing.
You swing at nothing.
Wield which item (- for none, * to show all)? (? for menu, Esc to quit)
You are already wielding that!
e - 31 stones (gained 14)
Found a dagger.
Found an opulent altar of Gozag.
A ball python comes into view.
Found a meat ration and a hunting sling.
The ball python hisses angrily.
You barely miss the ball python. The ball python bites you.
The ball python grabs you. The ball python constricts you.
You barely miss the ball python. The ball python closely misses you.
The ball python constricts you. The ball python barely misses you.
* * * LOW HITPOINT WARNING * * *
The ball python constricts you.
You hit the ball python but do no damage.
The ball python completely misses you.
* * * LOW HITPOINT WARNING * * *
The ball python constricts you.
You hit the ball python.
You kill the ball python!
You see here a ball python corpse.
You butcher the ball python corpse.
i - a chunk of flesh You see here a ball python skeleton.
Found an escape hatch in the ceiling.
j - a meat ration Adjust (i)tems, (s)pells, or (a)bilities?
Adjust which item? (? for menu, Esc to quit)
f - a bread ration Adjust to which letter? (? for menu, Esc to quit)
c - a bread ration;
f - the Almanac of the Volcanoes You swing at nothing.
Are you sure you want to abandon this character and quit the game? (Confirm with "yes".)

#######
#...รท.#########
###.###....)..<.#
##.....###@#####.
## #.8...8.##.#
..# ###.......#..#
#.# #....._.......
#.###.#.......####
......#.8...8.#
......##.....##
.......###.###
...........#


There were no monsters in sight!

Vanquished Creatures
  2 hobgoblins (D:2)
  A quokka (D:1)
  A ball python (D:2)
  A bat (D:2)
  A kobold (D:2)
  A rat (D:2)
7 creatures vanquished.

Notes
Turn   | Place    | Note
-------+----------+-------------------------------------------
     0 | D:1      | tidbits the High Elf Wanderer began the quest for the Orb.
     0 | D:1      | tidbits set off with: 4 curare-tipped needles, a +2 blowgun, the Almanac of the Volcanoes, a +0 robe, a bread ration
     0 | D:1      | Reached XP level 1. HP: 11/11 MP: 3/3
     0 | D:1      | Identified the Almanac of the Volcanoes
   110 | D:2      | Reached skill level 1 in Fighting
   200 | D:2      | Found an opulent altar of Gozag.
   221 | D:2      | Quit the game

Skill      XL: |  1 |
---------------+----+-----
Fighting       | 1 |  1.5
Throwing       | |  1.0
Stealth        | |  1.1
Spellcasting   | |  1.2
Conjurations   | |  1.1
Charms         | |  4.8
Summonings     | |  1.0
Translocations | |  1.1

Action                   || total
-------------------------++-------
Melee: Short sword       ||    13
 Fire: Blowgun           ||     6
Armor: Ring mail         ||     6
Dodge: Dodged            ||    13

Table legend:
 A = Turns spent in this place as a percentage of turns spent in the entire game.
 B = Non-inter-level travel turns spent in this place as a percentage of non-inter-level travel turns spent in the entire game.
 C = Inter-level travel turns spent in this place as a percentage of turns spent in this place.
 D = Turns resting spent in this place as a percentage of non-inter-level travel turns spent in this place.
 E = Turns spent auto-exploring this place as a percentage of non-inter-level travel turns spent in this place.
 F = Non-inter-level travel turns spent in this place divided by the number of levels of this place that you've seen.
                   A       B       C       D       E      F
               +-------+-------+-------+-------+-------+----------------------
         Total | 100.0 | 100.0 |   0.0 |   0.0 |   0.0 | 100.5
       Dungeon | 100.0 | 100.0 |   0.0 |   0.0 |   0.0 | 100.5
               +-------+-------+-------+-------+-------+----------------------

Table legend:
 A = Kills in this place as a percentage of kills in entire the game.
 B = Kills by you in this place as a percentage of kills by you in the entire game.
 C = Kills by friends in this place as a percentage of kills by friends in the entire game.
 D = Other kills in this place as a percentage of other kills in the entire game.
 E = Experience gained in this place as a percentage of experience gained in the entire game.
 F = Experience gained in this place divided by the number of levels of this place that you have seen.
                   A       B       C       D       E      F
               +-------+-------+-------+-------+-------+----------------------
         Total | 100.0 | 100.0 |  -nan |  -nan | 100.0 |   5.0
       Dungeon | 100.0 | 100.0 |  -nan |  -nan | 100.0 |   5.0
               +-------+-------+-------+-------+-------+----------------------

Vault maps used:
D:1:      lemuel_arrival_hallway
D:2:      grunt_gozag_statues
